 Dungeon Crawl Stone Soup version 0.23.2-1-ga50397a (webtiles) character file.

Game seed: 18042915785164196958

439 GuyDeFluk the Skirmisher (level 7, -2/64 HPs)
             Began as a Hill Orc Fighter on Apr 19, 2019.
             Killed by divine providence
             ... invoked by an orc priest
              (14 damage)
             ... on level 4 of the Dungeon.
             The game lasted 00:18:32 (3190 turns).

GuyDeFluk the Skirmisher (Hill Orc Fighter)         Turns: 3190, Time: 00:18:33

Health: -2/64      AC: 10    Str: 21    XL:     7   Next: 1%
Magic:  7/7        EV:  8    Int:  8    God:
Gold:   195        SH:  9    Dex: 10    Spells: 6/6 levels left

rFire    . . .     SeeInvis .   a - +0 war axe
rCold    . . .     Gourm    .   c - +0 shield
rNeg     . . .     Faith    .   k - +4 ring mail
rPois    .         Spirit   .   (no helmet)
rElec    .         Reflect  .   (no cloak)
rCorr    .         Harm     .   (no gloves)
MR       +....                  (no boots)
Stlth    ..........             (no amulet)
HPRegen  0.20/turn              i - ring of protection from magic
MPRegen  0.10/turn              (no ring)

@: lethally poisoned (-2 -> -3)
A: no striking features
a: Convert to Beogh


You were on level 4 of the Dungeon.
You were not hungry.

You visited 1 branch of the dungeon, and saw 4 of its levels.

You collected 195 gold pieces.

Inventory:

Hand Weapons
 a - a +0 war axe (weapon)
Armour
 b - a +0 scale mail
 c - a +0 shield (worn)
 k - a +4 ring mail (worn)
Jewellery
 i - a ring of protection from magic (left hand)
Wands
 l - a wand of flame (5)
Scrolls
 e - 2 scrolls of remove curse
 h - a scroll of identify
 n - a scroll of fog
 q - a scroll of teleportation
 r - a scroll of blinking {unknown}
Potions
 d - a potion of might
 g - a potion of agility
 j - a potion of heal wounds
 m - a potion of berserk rage {unknown}
 o - a potion of invisibility {unknown}
 p - 2 potions of mutation {unknown}
 s - a potion of curing {unknown}
Comestibles
 f - 7 rations


   Skills:
 * Level 6.4 Fighting
 + Level 4.8 Axes
 + Level 4.7 Armour
 + Level 4.7 Shields


You had 6 spell levels left.
You didn't know any spells.
Your spell library was empty.

Dungeon Overview and Level Annotations

Branches:
Dungeon (4/15)
 Temple: D:4-7

Altars:
Ru


Message History

You hit the orc priest but do no damage.
You feel sick.
The orc priest hits you with a +0 short sword.
* * * LOW HITPOINT WARNING * * *
You hit the orc priest.
The orc priest is lightly wounded.
The orc priest mumbles some strange prayers to Beogh against you.
You resist with some effort. You block the orc priest's attack.
Unknown command.
You hit the orc priest.
The orc priest is lightly wounded.
You feel sick. You block the orc priest's attack.
You closely miss the orc priest.
The orc priest is lightly wounded.
The orc priest hits you with a +0 short sword.
* * * LOW HITPOINT WARNING * * *
You feel sick.
The orc priest calls down the wrath of Beogh upon you.
Beogh smites you!
You die...

#......####
####...#
#...####.
##........
##...####..
#o.....#
#o#.##.....
#†#o# ..#..
#@#o# .# .
#.#o. ..
#.#.. ..
#.#..#
..#a.# .##
. #.


You could see an orc priest and an orc.

Vanquished Creatures
  A scorpion (D:4)
  3 orc priests
  An orc wizard (D:3)
  Jessica (D:2)
  2 worker ants (D:4)
  7 gnolls (D:3)
  3 adders
  2 oozes
  A worm (D:2)
  A dart slug (D:2)
  2 leopard geckos
  14 orcs
  A ball python (D:3)
  7 bats
  5 giant cockroaches
  11 hobgoblins
  5 jackals
  9 kobolds
  3 frilled lizards
  3 goblins
  4 rats
  A bush (D:1)
87 creatures vanquished.

Notes
Turn   | Place    | Note
-------+----------+-------------------------------------------
     0 | D:1      | GuyDeFluk the Hill Orc Fighter began the quest for the Orb.
     0 | D:1      | Reached XP level 1. HP: 19/19 MP: 1/1
    83 | D:1      | Reached XP level 2. HP: 21/27 MP: 2/2
   174 | D:1      | Reached skill level 4 in Fighting
   512 | D:1      | Reached XP level 3. HP: 33/33 MP: 3/3
  1244 | D:2      | Noticed Jessica
  1246 | D:2      | Killed Jessica
  1246 | D:2      | Reached XP level 4. HP: 36/41 MP: 4/4
  1558 | D:2      | Found a sacrificial altar of Ru.
  1953 | D:3      | Reached skill level 5 in Fighting
  1972 | D:3      | Reached XP level 5. HP: 41/48 MP: 5/5
  2099 | D:3      | Reached XP level 6. HP: 49/57 MP: 6/6
  2653 | D:3      | Reached skill level 6 in Fighting
  3185 | D:4      | Reached XP level 7. HP: 21/64 MP: 7/7
  3190 | D:4      | Killed from afar by an orc priest

Skill      XL: |  1  2  3  4  5  6 |
---------------+-------------------+-----
Fighting       | 4 5 6 |  6.4
Axes           | 3 4 |  4.8
Armour         | 4 |  4.7
Shields        | 4 |  4.7

Action                   |  1- 3 |  4- 6 |  7- 9 || total
-------------------------+-------+-------+-------++-------
Melee: War axe           |   164 |   195 |     4 ||   363
  Use: Scroll            |     2 |     5 |       ||     7
  Eat: Chunk             |     2 |     5 |       ||     7
       Ration            |       |     1 |       ||     1
Armor: Scale mail        |    65 |       |       ||    65
       Ring mail         |       |    82 |       ||    82
Dodge: Dodged            |    30 |    58 |       ||    88
Block: Shield            |    57 |   103 |     2 ||   162
